Wif, lawful female human Samurai ------ |....| --------- ------ ----- #-....| |.-..|..| +....+ +...| #|....| |.|..|..| |....| |...| #|.<..| |.----|-----....----|--+-----...|# #|....| |.......................))).....-# #|....| |.-|-----+--.......--|----+--...|# #------ |.|..|..| |......{| |...|# ## |.|..|..| |.......| |...|# # |.----|-----.......| |...|# # |.............{....| |...|######)###### # |.------.--------.-- -----|...|# --------.-# |.|.!)!|.. .+ |(((.|.).|####.........|# #-.-.%+%|...| |.| |(((.-...| # |.........# |.|.%[!|...| |.| |(((.|...| ##-........| |.---------------.-----------...| |........| |...)[................%a@s......| ---------- --------------------------------- Wif the Kunoichi Experience level: 6 Strength: 14 Dexterity: 18 Constitution: 18 Intelligence: 10 Wisdom: 8 Charisma: 7 Health: 0(65) Energy: 25(25) Def: 8 Gold: 552 Moves: 2927 Dungeon seed: 4Xe60v_wzabuTrzm Game ID: Wif_1477157445 Your Inventory: Coins $ - 552 gold pieces Amulets E - an uncursed amulet of magical breathing Weapons a - a rusty corroded +0 katana (weapon in hand) c - a +0 yumi d - 13 +0 ya J - 8 poisoned +0 arrows (in quiver) Armor e - an uncursed rustproof +1 splint mail (being worn) n - an uncursed +0 dented pot q - an uncursed +0 dwarvish cloak (being worn) y - an uncursed +0 small shield (being worn) N - an uncursed +2 pair of high boots Comestibles h - an uncursed cream pie p - an uncursed sprig of wolfsbane x - an uncursed slime mold C - an uncursed gunyoki Q - an uncursed fortune cookie Scrolls k - a cursed scroll of teleportation m - an uncursed scroll of food detection s - a cursed scroll of identify v - an uncursed scroll of identify L - a cursed scroll of blank paper Spellbooks u - an uncursed spellbook of cause fear Potions j - an uncursed potion of blindness l - a cursed potion of extra healing r - an uncursed potion of see invisible t - an uncursed potion of sake z - a potion of holy water B - an uncursed potion of monster detection Wands H - a wand of magic missile (0:6) Tools K - an uncursed towel P - 3 blessed tallow candles (0:200) R - 3 uncursed wax candles (0:400) S - 6 uncursed tallow candles (0:200) Spells and supernatural/magical abilities: Name Level Category Fail Memory c - cause fear 3 enchantment 100% 89% W - pray for help -- divine ? -- Your skills at the end: Fighting Skills martial arts [Basic] Weapon Skills short sword [Basic] long sword [Skilled] bow [Basic] Spellcasting Skills Final Attributes: You had transgressed. You were fast. You were very unlucky. You are dead. Vanquished creatures: 4 watchmen a dingo a rock mole a shrieker 2 gnome lords 3 gnomish wizards 3 elf zombies a straw golem a paper golem a little dog a floating eye 2 dwarves a homunculus a kobold shaman a monkey an iguana a hobgoblin a giant rat a green mold 15 gnomes 4 jackals 3 foxes 4 goblins 10 grid bugs 3 lichens a kobold zombie 4 newts 72 creatures vanquished. Voluntary challenges: You were an atheist. You used a wielded weapon 123 times, starting on turn 133. You read items or engraved 9 times, starting on turn 204. You never genocided any monsters. You never polymorphed an object. You never changed form. You used no wishes. You never split a pudding. You never wrote Elbereth's name. You violated your moral code, losing 62 points of alignment, starting on turn 2686. Dungeon overview: The Dungeons of Doom: levels 1 to 4 Level 1 some fountains a long staircase Level 2 a general store Level 3 an altar to Susanowo, a fountain Level 4 a sink stairs to The Gnomish Mines The Gnomish Mines: levels 5 to 7 Level 5 stairs to The Dungeons of Doom Level 6 Level 7 <- You were here some shops, some fountains History has recorded: On T:1 you entered the Dungeons of Doom to retrieve the Amulet of Yendor! On T:367 you advanced to experience level 2. On T:525 you reached level 2 of The Dungeons of Doom. On T:932 you reached level 3 of The Dungeons of Doom. On T:1137 you advanced to experience level 3. On T:1373 you reached level 4 of The Dungeons of Doom. On T:1601 you reached level 1 of The Gnomish Mines. On T:1732 you advanced to experience level 4. On T:1950 you advanced to experience level 5. On T:2401 you reached level 2 of The Gnomish Mines. On T:2478 you reached level 3 of The Gnomish Mines. On T:2542 you advanced to experience level 6. Score breakdown: Gold: 552 ( 9329 points) Experience: 6 levels (12456 points) Exploration: 7 levels ( 15.56%) (11078 points) Discoveries: 8 items ( 3.25%) ( 5410 points) Valuables value: (no points given unless you survive) Artifact value: 0 ( 0 points) Variety of kills: 27 monsters ( 7.09%) ( 7986 points) Turncount: 2927 turns ( -563 points) Survival: died (score multiplied by 80%) Total score: 36556 Latest messages: You miss the centipede. Pick an object. Never mind. You miss the centipede. (3x) The fire ant misses. (2x) The centipede bites! You hit the centipede! The fire ant bites! The fire ant misses. The fire ant bites! (2x) You're on fire! Your scroll of enchant armor catches fire and burns! One of your scrolls of identify catches fire and burns! One of your unlabeled scrolls catches fire and burns! Your unlabeled scroll catches fire and burns! You miss the centipede. The fire ant misses. The fire ant bites! You miss the centipede. The fire ant bites! (2x) The centipede bites! The fire ant bites! You die... Final status: Sayonara Wif the Samurai, killed by a fire ant... You died in The Gnomish Mines on dungeon level 7 with 36556 points, and 552 pieces of gold, after 2927 moves. You were level 6 with a maximum of 65 hit points when you died.